| TOP OF THE 1ST |
|
University of North Carolina at Chapel Hill Tar Heels batting - Pitching for University of Toronto Marlies : LHP Ryan Quintero
|
|
Pitching: LHP Ryan Quintero
|
|
|
Batting: SHB Ryan Marsh
|
0-0: Ground out U3 (Groundball, 3, EV 105.0 MPH)
|
|
Batting: RHB Bill Atley
|
0-0: Ball 1-0: Ball 2-0: Ball 3-0: Called Strike 3-1: Base on Balls
|
|
Batting: RHB Michael Houseman
|
0-0: Called Strike 0-1: Fly out, F8 (Flyball, 8RM, EV 91.9 MPH)
|
|
Batting: RHB Jeremy Rollins
|
0-0: Ball Bill Atley steals 2nd base 1-0: Ground out 6-3 (Groundball, 6, EV 89.4 MPH)
|
| Top of the 1st over - 0 runs, 0 hits, 0 errors, 1 left on base; University of North Carolina at Chapel Hill 0 - University of Toronto 0 |
| BOTTOM OF THE 1ST |
|
University of Toronto Marlies batting - Pitching for University of North Carolina at Chapel Hill Tar Heels : LHP Gary Tuckfard
|
|
Pitching: LHP Gary Tuckfard
|
|
|
Batting: LHB Efrem Isaev
|
0-0: Ball 1-0: Called Strike 1-1: Ball 2-1: Bunt for hit to 3S - play at first, batter OUT! 3-4
|
|
Batting: RHB Akichika Yamano
|
0-0: Ball 1-0: Swinging Strike 1-1: Foul Ball, location: 2F 1-2: Foul Ball, location: 2F 1-2: Ball 2-2: Strikes out looking
|
|
Batting: SHB Jack Tierney
|
0-0: Called Strike 0-1: Foul Ball, location: 2F 0-2: Ball 1-2: Ball 2-2: Strikes out swinging
|
| Bottom of the 1st over - 0 runs, 0 hits, 0 errors, 0 left on base; University of North Carolina at Chapel Hill 0 - University of Toronto 0 |
| TOP OF THE 2ND |
|
University of North Carolina at Chapel Hill Tar Heels batting - Pitching for University of Toronto Marlies : LHP Ryan Quintero
|
|
Batting: SHB Jonathan Barrie
|
0-0: Fly out, F3 (Popup, 34, EV 61.9 MPH)
|
|
Batting: SHB Jim Saxon
|
0-0: Ball 1-0: Ball 2-0: Fly out, F9 (Flyball, 9, EV 94.4 MPH)
|
|
Batting: RHB Tony Jennings
|
0-0: Swinging Strike 0-1: Fly out, F9 (Flyball, 9, EV 95.6 MPH)
|
| Top of the 2nd over - 0 runs, 0 hits, 0 errors, 0 left on base; University of North Carolina at Chapel Hill 0 - University of Toronto 0 |
| BOTTOM OF THE 2ND |
|
University of Toronto Marlies batting - Pitching for University of North Carolina at Chapel Hill Tar Heels : LHP Gary Tuckfard
|
|
Batting: SHB Jose Melendez
|
0-0: Ball 1-0: Foul Ball, location: 2F 1-1: Ball 2-1: Fly out, F8 (Flyball, 8LD, EV 88.1 MPH)
|
|
Batting: SHB Shannon Britten
|
0-0: Ball 1-0: Ball 2-0: Ball 3-0: Called Strike 3-1: Base on Balls
|
|
Batting: RHB Elmar Adenauer
|
0-0: Called Strike 0-1: Ball Shannon Britten is caught stealing 2nd base 2-4 1-1: Called Strike 1-2: Strikes out swinging
|
| Bottom of the 2nd over - 0 runs, 0 hits, 0 errors, 0 left on base; University of North Carolina at Chapel Hill 0 - University of Toronto 0 |
| TOP OF THE 3RD |
|
University of North Carolina at Chapel Hill Tar Heels batting - Pitching for University of Toronto Marlies : LHP Ryan Quintero
|
|
Batting: LHB Juan Alvarado
|
0-0: Ball 1-0: Called Strike 1-1: Ground out U3 (Groundball, 34S, EV 63.1 MPH)
|
|
Batting: RHB Brandon Wilson
|
0-0: Ball 1-0: Ball 2-0: Swinging Strike 2-1: Foul Ball, location: 2F 2-2: Ground out 5-3 (Groundball, 56, EV 102.5 MPH)
|
|
Batting: SHB Ryan Marsh
|
0-0: Called Strike 0-1: Ball 1-1: Ball 2-1: Ball 3-1: DOUBLE (Line Drive, 78D, EV 105.6 MPH)
|
|
Batting: RHB Bill Atley
|
0-0: Foul Ball, location: 2F 0-1: Called Strike 0-2: Strikes out looking
|
| Top of the 3rd over - 0 runs, 1 hit, 0 errors, 1 left on base; University of North Carolina at Chapel Hill 0 - University of Toronto 0 |
| BOTTOM OF THE 3RD |
|
University of Toronto Marlies batting - Pitching for University of North Carolina at Chapel Hill Tar Heels : LHP Gary Tuckfard
|
|
Batting: RHB Jeff McClellan
|
0-0: Foul Ball, location: 2F 0-1: Foul Ball, location: 2F 0-2: Ball 1-2: Ground out 4-3 (Groundball, 4, EV 85.0 MPH)
|
|
Batting: RHB Charlie Townend
|
0-0: Swinging Strike 0-1: Foul Ball, location: 2F 0-2: Fly out, F8 (Flyball, 89M, EV 85.0 MPH)
|
|
Batting: SHB Conrade Gordon
|
0-0: Called Strike 0-1: Foul Ball, location: 2F 0-2: Ball 1-2: Ball 2-2: Foul Ball, location: 2F 2-2: Foul Ball, location: 2F 2-2: Strikes out looking
|
| Bottom of the 3rd over - 0 runs, 0 hits, 0 errors, 0 left on base; University of North Carolina at Chapel Hill 0 - University of Toronto 0 |
| TOP OF THE 4TH |
|
University of North Carolina at Chapel Hill Tar Heels batting - Pitching for University of Toronto Marlies : LHP Ryan Quintero
|
|
Batting: RHB Michael Houseman
|
0-0: Ball 1-0: Ball 2-0: Foul Ball, location: 2F 2-1: Fly out, F8 (Flyball, 8RD, EV 94.4 MPH)
|
|
Batting: RHB Jeremy Rollins
|
0-0: Foul Ball, location: 2F 0-1: Foul Ball, location: 2F 0-2: DOUBLE (Line Drive, 7LM, EV 93.8 MPH)
|
|
Batting: SHB Jonathan Barrie
|
0-0: Called Strike 0-1: Ball 1-1: Foul Ball, location: 2F 1-2: Ball 2-2: Ball 3-2: Strikes out swinging
|
|
Batting: SHB Jim Saxon
|
0-0: Called Strike 0-1: Ball 1-1: Swinging Strike 1-2: Foul Ball, location: 2F 1-2: Foul Ball, location: 2F 1-2: Strikes out swinging
|
| Top of the 4th over - 0 runs, 1 hit, 0 errors, 1 left on base; University of North Carolina at Chapel Hill 0 - University of Toronto 0 |
| BOTTOM OF THE 4TH |
|
University of Toronto Marlies batting - Pitching for University of North Carolina at Chapel Hill Tar Heels : LHP Gary Tuckfard
|
|
Batting: LHB Efrem Isaev
|
0-0: Foul Ball, location: 2F 0-1: Foul Ball, location: 2F 0-2: Ball 1-2: Ball 2-2: Fly out, F8 (Line Drive, 8RD, EV 91.9 MPH)
|
|
Batting: RHB Akichika Yamano
|
0-0: SOLO HOME RUN (Flyball, 7D, EV 93.1 MPH), Distance : 371 ft
|
|
Batting: SHB Jack Tierney
|
0-0: Foul Ball, location: 2F 0-1: Ball 1-1: Ball 2-1: Swinging Strike 2-2: Ball 3-2: Ground out U3 (Groundball, 3, EV 91.2 MPH)
|
|
Batting: SHB Jose Melendez
|
0-0: Called Strike 0-1: Ball 1-1: Ball 2-1: Ball 3-1: Called Strike 3-2: Strikes out swinging
|
| Bottom of the 4th over - 1 run, 1 hit, 0 errors, 0 left on base; University of North Carolina at Chapel Hill 0 - University of Toronto 1 |
| TOP OF THE 5TH |
|
University of North Carolina at Chapel Hill Tar Heels batting - Pitching for University of Toronto Marlies : LHP Ryan Quintero
|
|
Batting: RHB Tony Jennings
|
0-0: Called Strike 0-1: Foul Ball, location: 2F 0-2: Ball 1-2: Fly out, F8 (Flyball, 8LXD, EV 113.1 MPH)
|
|
Batting: LHB Juan Alvarado
|
0-0: Ball 1-0: Fly out, F5 (Line Drive, 5L, EV 75.0 MPH)
|
|
Batting: RHB Brandon Wilson
|
0-0: Called Strike 0-1: Called Strike 0-2: Strikes out looking
|
| Top of the 5th over - 0 runs, 0 hits, 0 errors, 0 left on base; University of North Carolina at Chapel Hill 0 - University of Toronto 1 |
| BOTTOM OF THE 5TH |
|
University of Toronto Marlies batting - Pitching for University of North Carolina at Chapel Hill Tar Heels : LHP Gary Tuckfard
|
|
Batting: SHB Shannon Britten
|
0-0: Ball 1-0: Ball 2-0: Called Strike 2-1: Foul Ball, location: 2F 2-2: Ground out 1-3 (Groundball, 13S, EV 66.9 MPH)
|
|
Batting: RHB Elmar Adenauer
|
0-0: Foul Ball, location: 2F 0-1: Ground out 4-3 (Groundball, 4M, EV 101.2 MPH)
|
|
Batting: RHB Jeff McClellan
|
0-0: DOUBLE (Line Drive, 89D, EV 98.1 MPH)
|
|
Batting: RHB Charlie Townend
|
0-0: Ball 1-0: Ball 2-0: Ball 3-0: Called Strike 3-1: Called Strike 3-2: Foul Ball, location: 2F 3-2: Ground out U3 (Groundball, 3, EV 84.4 MPH)
|
| Bottom of the 5th over - 0 runs, 1 hit, 0 errors, 1 left on base; University of North Carolina at Chapel Hill 0 - University of Toronto 1 |
| TOP OF THE 6TH |
|
University of North Carolina at Chapel Hill Tar Heels batting - Pitching for University of Toronto Marlies : LHP Ryan Quintero
|
|
Batting: SHB Ryan Marsh
|
0-0: SINGLE (Line Drive, 89S, EV 101.2 MPH)
|
|
Batting: RHB Bill Atley
|
0-0: TRIPLE (Flyball, 89XD, EV 106.9 MPH) Ryan Marsh scores
|
|
Batting: RHB Michael Houseman
|
0-0: SINGLE (Groundball, 56, EV 97.5 MPH) Bill Atley scores
|
|
Batting: RHB Jeremy Rollins
|
0-0: Fly out, F5 (Popup, 56, EV 69.4 MPH)
|
|
Batting: SHB Jonathan Barrie
|
0-0: Fly out, F7 (Flyball, 7S, EV 88.8 MPH)
|
|
Batting: SHB Jim Saxon
|
0-0: Foul Ball, location: 2F 0-1: Fly out, F8 (Flyball, 8LM, EV 88.8 MPH)
|
| Top of the 6th over - 2 runs, 3 hits, 0 errors, 1 left on base; University of North Carolina at Chapel Hill 2 - University of Toronto 1 |
| BOTTOM OF THE 6TH |
|
University of Toronto Marlies batting - Pitching for University of North Carolina at Chapel Hill Tar Heels : LHP Gary Tuckfard
|
|
Batting: SHB Conrade Gordon
|
0-0: Fly out, F6 (Line Drive, 6M, EV 63.8 MPH)
|
|
Batting: LHB Efrem Isaev
|
0-0: Ball 1-0: Called Strike 1-1: Ball 2-1: Ball 3-1: Called Strike 3-2: Base on Balls
|
|
Pitching: RHP Jason Kaelber
|
|
|
Batting: RHB Akichika Yamano
|
0-0: Ball Efrem Isaev steals 2nd base (no throw) 1-0: Ball 2-0: Called Strike 2-1: Called Strike 2-2: Fly out, F9 (Flyball, 9S, EV 84.4 MPH)
|
|
Batting: SHB Jack Tierney
|
0-0: Ball Passed Ball! Efrem Isaev to third 1-0: Foul Ball, location: 2F 1-1: Foul Ball, location: 2F 1-2: Strikes out looking
|
| Bottom of the 6th over - 0 runs, 0 hits, 0 errors, 1 left on base; University of North Carolina at Chapel Hill 2 - University of Toronto 1 |
| TOP OF THE 7TH |
|
University of North Carolina at Chapel Hill Tar Heels batting - Pitching for University of Toronto Marlies : LHP Ryan Quintero
|
|
Batting: RHB Tony Jennings
|
0-0: Ground out 5-3 (Groundball, 56S, EV 82.5 MPH)
|
|
Batting: LHB Juan Alvarado
|
0-0: Called Strike 0-1: Called Strike 0-2: Ball 1-2: Foul Ball, location: 2F 1-2: Strikes out looking
|
|
Batting: RHB Brandon Wilson
|
0-0: Called Strike 0-1: Foul Ball, location: 2F 0-2: Ball 1-2: Strikes out swinging
|
| Top of the 7th over - 0 runs, 0 hits, 0 errors, 0 left on base; University of North Carolina at Chapel Hill 2 - University of Toronto 1 |
| BOTTOM OF THE 7TH |
|
University of Toronto Marlies batting - Pitching for University of North Carolina at Chapel Hill Tar Heels : RHP Jason Kaelber
|
|
Pitching: RHP Berry Dow
|
|
|
Batting: SHB Jose Melendez
|
0-0: Ball 1-0: DOUBLE (Groundball, 5L, EV 104.4 MPH)
|
|
Batting: SHB Shannon Britten
|
0-0: Called Strike 0-1: Swinging Strike 0-2: Ball 1-2: Foul Ball, location: 2F 1-2: Strikes out swinging
|
|
Batting: RHB Elmar Adenauer
|
0-0: Called Strike 0-1: Ball 1-1: Ball 2-1: Ball 3-1: Swinging Strike 3-2: DOUBLE (Flyball, 89D, EV 90.0 MPH) Jose Melendez scores
|
|
Batting: RHB Jeff McClellan
|
0-0: Intentional Walk
|
|
Batting: RHB Charlie Townend
|
0-0: Called Strike 0-1: Ball 1-1: Ball 2-1: Ball 3-1: Base on Balls Elmar Adenauer to third Jeff McClellan to second
|
|
Batting: SHB Conrade Gordon
|
0-0: Ball 1-0: Ball 2-0: Swinging Strike 2-1: Called Strike 2-2: Grounds into fielders choice 6-2 (Groundball, 6, EV 90.6 MPH) Jeff McClellan to third Charlie Townend to second
|
|
Batting: LHB Efrem Isaev
|
0-0: Called Strike 0-1: Called Strike 0-2: Ball 1-2: Foul Ball, location: 2F 1-2: Ball 2-2: Ball 3-2: SINGLE (Groundball, 56D, EV 100.6 MPH) Jeff McClellan scores Charlie Townend to third Conrade Gordon to second Charlie Townend scores Conrade Gordon to third
|
|
Pitching: RHP Bobby Franco
|
|
|
Batting: RHB Akichika Yamano
|
0-0: Ball 1-0: Foul Ball, location: 2F 1-1: Ground out 4-3 (Groundball, 4S, EV 83.1 MPH)
|
| Bottom of the 7th over - 3 runs, 3 hits, 0 errors, 2 left on base; University of North Carolina at Chapel Hill 2 - University of Toronto 4 |
| TOP OF THE 8TH |
|
University of North Carolina at Chapel Hill Tar Heels batting - Pitching for University of Toronto Marlies : LHP Ryan Quintero
|
|
Batting: SHB Ryan Marsh
|
0-0: Ball 1-0: Ball 2-0: Called Strike 2-1: Fly out, F7 (Flyball, 78M, EV 91.2 MPH)
|
|
Pitching: RHP Mike McDonald
|
|
|
Batting: RHB Bill Atley
|
0-0: Foul Ball, location: 2F 0-1: Ball 1-1: Ground out 5-3 (Groundball, 5S, EV 67.5 MPH)
|
|
Batting: RHB Michael Houseman
|
0-0: Fly out, F3 (Flyball, 34D, EV 94.4 MPH)
|
| Top of the 8th over - 0 runs, 0 hits, 0 errors, 0 left on base; University of North Carolina at Chapel Hill 2 - University of Toronto 4 |
| BOTTOM OF THE 8TH |
|
University of Toronto Marlies batting - Pitching for University of North Carolina at Chapel Hill Tar Heels : RHP Bobby Franco
|
|
Batting: SHB Jack Tierney
|
0-0: Ball 1-0: Ball 2-0: Swinging Strike 2-1: Swinging Strike 2-2: Foul Ball, location: 2F 2-2: Foul Ball, location: 2F 2-2: Foul Ball, location: 2F 2-2: Ball 3-2: SINGLE (Line Drive, 6MD, EV 95.6 MPH)
|
|
Batting: SHB Jose Melendez
|
0-0: SINGLE (Groundball, 6MD, EV 101.9 MPH) Jack Tierney to second
|
|
Batting: SHB Shannon Britten
|
0-0: Foul Ball, location: 2F 0-1: Ball 1-1: Grounds into double play, 6-4-3 (Groundball, 6, EV 83.8 MPH) Jack Tierney to third
|
|
Batting: RHB Elmar Adenauer
|
0-0: Swinging Strike 0-1: Ball 1-1: SINGLE (Line Drive, 8LS, EV 98.8 MPH) Jack Tierney scores
|
|
Batting: RHB Jeff McClellan
|
0-0: SINGLE (Groundball, 34D, EV 103.1 MPH) Elmar Adenauer to second Runner from 2nd tries for 3rd, SAFE, throw by RF made to third
|
|
Pitching: RHP C.J. Dombrowski
|
|
|
Batting: RHB Charlie Townend
|
0-0: Foul Ball, location: 2F 0-1: SINGLE (Line Drive, 8LS, EV 95.0 MPH) Elmar Adenauer scores Jeff McClellan to second
|
|
Batting: SHB Conrade Gordon
|
0-0: Ball 1-0: Called Strike 1-1: Ball 2-1: Swinging Strike 2-2: Fly out, F7 (Line Drive, 7, EV 88.8 MPH)
|
| Bottom of the 8th over - 2 runs, 5 hits, 0 errors, 2 left on base; University of North Carolina at Chapel Hill 2 - University of Toronto 6 |
| TOP OF THE 9TH |
|
University of North Carolina at Chapel Hill Tar Heels batting - Pitching for University of Toronto Marlies : RHP Mike McDonald
|
|
Batting: RHB Jeremy Rollins
|
0-0: Called Strike 0-1: Ball 1-1: Fly out, F6 (Flyball, 4MD, EV 90.6 MPH)
|
|
Batting: SHB Jonathan Barrie
|
0-0: Ball 1-0: Ball 2-0: Called Strike 2-1: Fly out, F9 (Flyball, 89D, EV 93.1 MPH)
|
|
Batting: SHB Jim Saxon
|
0-0: Called Strike 0-1: Fly out, F7 (Flyball, 78M, EV 86.9 MPH)
|
| Top of the 9th over - 0 runs, 0 hits, 0 errors, 0 left on base; University of North Carolina at Chapel Hill 2 - University of Toronto 6 |
|